 Dungeon Crawl Stone Soup version 0.28-a0-1241-gf280a0fbb2 (webtiles) character file.

Game seed: 9469269795292128544

48144 HessuHobo the Severer (level 14, -1/136 (137) HPs)
             Began as a Minotaur Berserker on Dec 26, 2021.
             Was a High Priest of Trog.
             Slain by a dire elephant (26 damage)
             ... on level 6 of the Lair of Beasts.
             The game lasted 00:24:37 (28625 turns).

HessuHobo the Severer (Minotaur Berserker)         Turns: 28625, Time: 00:24:38

HP:   -1/136 (137)  AC: 26    Str: 26    XL:     14   Next: 11%
MP:   13/13         EV:  9    Int:  4    God:    Trog [*****.]
Gold: 999           SH:  0    Dex: 11    Spells: 13/13 levels left

rFire   . . .      SeeInvis .   X - +7 executioner's axe (flame)
rCold   + + .      Faith    .   (shield currently unavailable)
rNeg    . . .      Spirit   .   O - +3 plate armour {rC+}
rPois   .          Reflect  .   (helmet restricted)
rElec   +          Harm     .   j - +2 cloak {rCorr}
rCorr   +          Rampage  .   Y - +0 pair of gloves
Will    +++..                   (no boots)
Stlth   ..........              (no amulet)
HPRegen 1.32/turn               H - ring of resist corrosion
MPRegen 0.13/turn               p - ring "Afrir" {*Corrode rElec rC+ AC+4}

@: strong-willed (expiring), corroded, regenerating (expiring), lightly drained
A: horns 2, retaliatory headbutt
a: Renounce Religion, Berserk, Trog's Hand, Brothers in Arms


You were on level 6 of the Lair of Beasts.
You worshipped Trog.
Trog was extremely pleased with you.
You visited 2 branches of the dungeon, and saw 17 of its levels.

You collected 1347 gold pieces.
You spent 348 gold pieces at shops.

Inventory:

Hand Weapons
 a - a +0 hand axe
 B - a +4 vorpal battleaxe
 X - a +7 executioner's axe of flaming (weapon)
Missiles
 k - 6 datura-tipped darts (quivered)
Armour
 j - a +2 cloak of preservation (worn)
 A - a +2 buckler
 O - a +3 plate armour of cold resistance (worn)
 Y - a +0 pair of gloves (worn)
Jewellery
 d - a ring of flight
 p - the ring "Afrir" (right hand) {*Corrode rElec rC+ AC+4}
   (You found it on level 4 of the Dungeon)

   [ring of protection]

   AC:        It affects your AC (+4).
   rC:        It protects you from cold.
   rElec:     It insulates you from electricity.
   *Corrode:  It may corrode you when you take damage.
 w - a ring of see invisible
 H - a ring of resist corrosion (left hand)
 L - a +6 ring of strength
 M - a ring of fire
 R - an amulet of faith
 V - a ring of ice
Wands
 f - a wand of acid (6)
 G - a wand of paralysis (11)
 N - a wand of iceblast (22)
 P - a wand of flame (11)
 S - a wand of polymorph (2)
 U - a wand of digging (3)
Scrolls
 e - 2 scrolls of holy word {unknown}
 i - 3 scrolls of fear {unknown}
 m - 3 scrolls of fog
 t - 2 scrolls of identify
 u - 3 scrolls of torment
 v - 3 scrolls of amnesia
 y - 7 scrolls of teleportation
 z - 2 scrolls of vulnerability
 D - 2 scrolls of silence
 E - 3 scrolls of enchant armour {unknown}
 F - 3 scrolls of magic mapping
 K - 2 scrolls of immolation {unknown}
 Q - a scroll of blinking {unknown}
 T - a scroll of noise {unknown}
 W - 2 scrolls of acquirement {unknown}
Potions
 b - 4 potions of haste
 c - 2 potions of berserk rage
 g - 5 potions of magic
 h - a potion of invisibility {unknown}
 l - 2 potions of degeneration
 n - 5 potions of resistance {unknown}
 o - 6 potions of curing
 q - 2 potions of heal wounds
 r - a potion of might {unknown}
 s - 2 potions of attraction {unknown}
 x - a potion of cancellation {unknown}
 C - 2 potions of flight {unknown}
 I - 5 potions of brilliance {unknown}
 J - a potion of mutation {unknown}


   Skills:
 - Level 16.1 Fighting
 + Level 17.2 Axes
 + Level 17.1 Armour
 - Level 2.1 Dodging
 + Level 4.9 Evocations


You had 13 spell levels left.
You didn't know any spells.
Your spell library was empty.

Dungeon Overview and Level Annotations

Branches:
Dungeon (11/15)            Temple (0/1) D:4            Lair (6/6) D:10
  Swamp (0/4) Lair:2       Spider (0/4) Lair:4        Slime (0/5) Lair:6
    Orc (0/2) D:11

Altars:
Ashenzari
Cheibriados
Fedhas
Kikubaaqudgha
Sif Muna
Trog
Vehumet
Wu Jian
Xom
The Shining One
Jiyva

Shops:
D:3 (

Portals:
Trove: D:10 (give horn of Geryon)


Innate Abilities, Weirdness & Mutations

You have a pair of horns on your head.
You reflexively headbutt those who attack you in melee.


Message History

Your body is wracked with pain!
The dire elephant tramples you but does no damage.
The dire elephant barely misses you.
You slice the dire elephant!! You burn the dire elephant.
You headbutt the dire elephant, but do no damage.
The dire elephant is lightly wounded.
The dire elephant tramples you!!
* * * LOW HITPOINT WARNING * * *
You stumble backwards!
You feel much better. The dire elephant tramples you!
* * * LOW HITPOINT WARNING * * *
You hold your ground!
The dire elephant trunk-slaps you but does no damage.
The necromancer gestures wildly while chanting.
The necromancer binds the souls of nearby monsters.
The dire elephant's soul is no longer bound.
There is a large open door here.
Your skin crawls.
You feel strong-willed. The dire elephant barely misses you.
You furiously retaliate!
You headbutt the dire elephant. The dire elephant misses you.
You slice the dire elephant!! You burn the dire elephant.
The dire elephant is moderately wounded.
The dire elephant tramples you but does no damage.
The dire elephant trunk-slaps you but does no damage.
You hit the dire elephant but do no damage.
The dire elephant is moderately wounded.
The dire elephant's soul is no longer bound.
The dire elephant tramples you!
Your corrosive artefact corrodes you!
You stumble backwards!
You slash the dire elephant! You burn the dire elephant.
The dire elephant is heavily wounded.
The dire elephant tramples you!!
* * * LOW HITPOINT WARNING * * *
You stumble backwards!
You hit the dire elephant but do no damage.
The dire elephant is heavily wounded.
You feel the effects of Trog's Hand fading.
The dire elephant tramples you!!
You die...

#P.###........'.⌠.#Y..P
###...#.#...#..'†P8#Y...
#.#.....#...#..#.8##8..8
##.#...###.....#.####''#
####..##...#..#.##.≈≈≈##
#...##......#.#.≈≈≈≈p#
#####..#....P..#.# ≈≈≈≈≈
.#.#....#......#.## ≈≈..
...............#@.# ..#
##P...P#.......##Y####'##
###..###....#.♣#.p.#8.8#
##.#..P#........###.#[.Y###
#.##..###....P#.P##Y##.p#.#
.................##..#..'.##
P.......#.####...♣##.#..'.P###
.#.....#...# ♣ #.#####...#
...#P.##..## #P...'....#


You could see 2 dire elephants and a necromancer.

Vanquished Creatures
  Rupert (Lair:3)
  A dire elephant (Lair:6)
  The ghost of Onkuvak the Brawler, a journeyman TrMo of Elyvilon (Lair:3)
  The ghost of Gelon the Zephyrmancer, a journeyman TeAE of Vehumet (Lair:3)
  A boulder beetle (Lair:2)
  4 hydras
  5 two-headed ogres
  A death yak (Lair:6)
  The ghost of wpisznazwe the Cruncher, a journeyman VSGl of the Shining One (D:8)
  A spectral anaconda (Lair:6)
  2 lindwurms (Lair:5)
  2 oklob plants
  15 elephants
  A centaur zombie (D:10)
  5 black mambas
  A dire elephant skeleton (Lair:6)
  12 cane toads
  2 rime drakes (Lair:6)
  9 komodo dragons
  A polar bear (Lair:6)
  2 trolls
  Grinder (D:6)
  17 blink frogs
  A slime creature (D:8)
  A shadow (D:9)
  3 wyverns
  A centaur simulacrum (D:9)
  2 vampires (D:11)
  38 yaks
  A wraith (D:11)
  4 basilisks
  A steam dragon (D:9)
  2 death yak simulacra (Lair:6)
  The ghost of Lavandula the Changer, an amateur FoTm (D:4)
  An acid dragon (D:9)
  4 wargs (D:10)
  14 water moccasins
  A swamp drake (Lair:2)
  4 ice beasts
  8 orc warriors
  3 sky beasts
  A black bear (D:7)
  An ogre (D:7)
  5 wolves
  2 centaurs (D:11)
  2 phantoms
  3 kobold brigands
  12 bullfrogs
  A gnoll sergeant (D:8)
  3 scorpions
  A wyvern skeleton (D:6)
  A cane toad simulacrum (Lair:6)
  55 killer bees
  An elephant simulacrum (Lair:6)
  5 wights (D:9)
  7 electric eels
  2 howler monkeys
  A lava snake (D:7)
  7 orc priests
  5 hounds
  5 jellies
  3 iguanas
  2 bullfrog skeletons
  Jessica (D:3)
  Terence (D:3)
  10 orc wizards
  5 hell rats (Lair:1)
  A howler monkey zombie (D:7)
  Robin (D:3)
  5 gnolls
  11 adders
  A shadow imp (D:6)
  A white imp (D:6)
  3 ufetubi
  2 adder skeletons (D:4)
  A worm (D:2)
  2 dart slugs
  29 orcs
  A bat zombie (D:5)
  9 endoplasms
  4 giant cockroaches
  17 goblins
  10 hobgoblins
  10 jackals
  11 kobolds
  8 quokkas
  9 ball pythons
  6 bats
  3 frilled lizards
  3 rats (D:2)
  3 rat zombies (D:5)
470 creatures vanquished.

Vanquished Creatures (collateral kills)
  An orc warrior (D:9)
  2 orc wizards (D:9)
  2 orcs (D:9)
5 creatures vanquished.

Vanquished Creatures (others)
  16 fungi
  23 plants
  13 withered plants
52 creatures vanquished.

Grand Total: 527 creatures vanquished

Notes
Turn   | Place    | Note
-------+----------+-------------------------------------------
     0 | D:1      | HessuHobo the Minotaur Berserker began the quest for the
                  | Orb.
     0 | D:1      | Reached XP level 1. HP: 19/19 MP: 0/0
    97 | D:1      | Reached XP level 2. HP: 23/27 MP: 1/1
   452 | D:1      | Reached ** piety under Trog
   487 | D:1      | Reached XP level 3. HP: 33/33 MP: 2/2
   688 | D:1      | Found a faded altar of an unknown god.
  1628 | D:2      | Reached XP level 4. HP: 41/41 MP: 3/3
  2244 | D:3      | Noticed Jessica
  2248 | D:3      | Killed Jessica
  2329 | D:3      | Reached XP level 5. HP: 47/47 MP: 4/4
  2382 | D:3      | Noticed Terence
  2389 | D:3      | Reached skill level 5 in Fighting
  2395 | D:3      | Killed Terence
  2396 | D:3      | Reached skill level 5 in Axes
  2558 | D:3      | Reached *** piety under Trog
  2635 | D:3      | Found Vudghuz's Weapon Emporium.
  2858 | D:3      | Noticed Robin
  2874 | D:3      | Killed Robin
  3238 | D:4      | Reached XP level 6. HP: 56/56 MP: 5/5
  3271 | D:4      | Identified the ring "Afrir" {*Corrode rElec rC+ AC+4}
  3299 | D:4      | Found a runed translucent door.
  3327 | D:4      | Reached skill level 5 in Armour
  3610 | D:4      | Found a staircase to the Ecumenical Temple.
  4154 | D:4      | Reached XP level 7. HP: 43/63 MP: 6/6
  4591 | D:4      | Noticed Lavandula's ghost (amateur FoTm)
  4732 | D:4      | Identified the +0 ring mail of the Sun {rC- rN+ Will+
                  | rCorr}
  4866 | D:4      | Killed Lavandula's ghost
  4901 | D:5      | Entered Level 5 of the Dungeon
  5361 | D:5      | Reached XP level 8. HP: 70/73 MP: 7/7
  5713 | D:5      | Found a blossoming altar of Fedhas.
  5769 | D:5      | Found an ancient bone altar of Kikubaaqudgha.
  6557 | D:5      | Reached **** piety under Trog
  6917 | D:6      | Noticed Grinder
  6918 | D:6      | Paralysed by Grinder for 5 turns
  7080 | D:6      | Paralysed by Grinder for 7 turns
  7090 | D:6      | Killed Grinder
  7583 | D:6      | Found a shimmering blue altar of Sif Muna.
  7586 | D:6      | Found a snail-covered altar of Cheibriados.
  7588 | D:6      | Found a glowing golden altar of the Shining One.
  7625 | D:6      | Found an ornate altar of the Wu Jian Council.
  7827 | D:6      | Found a bloodstained altar of Trog.
  8044 | D:5      | Reached XP level 9. HP: 66/83 MP: 8/8
 10109 | D:3      | Bought a +4 vorpal battleaxe for 348 gold pieces
 10273 | D:6      | Found a broken altar of Ashenzari.
 10772 | D:8      | Found a runed translucent gate.
 10773 | D:8      | Found a runed translucent gate.
 10776 | D:8      | Found a runed translucent gate.
 10779 | D:8      | Noticed wpisznazwe's ghost (journeyman VSGl)
 10789 | D:8      | Noticed a two-headed ogre
 10800 | D:8      | Killed a two-headed ogre
 10801 | D:8      | Reached skill level 10 in Fighting
 10801 | D:8      | Reached skill level 10 in Axes
 11456 | D:8      | Reached skill level 10 in Armour
 12038 | D:8      | Found a viscous altar of Jiyva.
 12053 | D:8      | Reached XP level 10. HP: 94/94 MP: 9/9
 12060 | D:8      | Killed wpisznazwe's ghost
 14716 | D:10     | Entered Level 10 of the Dungeon
 14755 | D:10     | Found a radiant altar of Vehumet.
 14785 | D:10     | Noticed a two-headed ogre
 14798 | D:10     | Killed a two-headed ogre
 14833 | D:10     | Reached XP level 11. HP: 20/104 MP: 10/10
 15248 | D:10     | Found a staircase to the Lair.
 15868 | D:10     | Found a shimmering altar of Xom.
 16801 | D:10     | Found a portal to a secret trove of treasure.
 17138 | D:11     | Noticed a two-headed ogre
 17144 | D:11     | Killed a two-headed ogre
 17852 | D:11     | Noticed a two-headed ogre
 17858 | D:11     | Killed a two-headed ogre
 17894 | D:11     | Noticed a two-headed ogre
 17901 | D:11     | Killed a two-headed ogre
 18474 | D:11     | Found a staircase to the Orcish Mines.
 18783 | Lair:1   | Entered Level 1 of the Lair of Beasts
 19124 | Lair:1   | Reached XP level 12. HP: 113/116 MP: 11/11
 19539 | Lair:1   | Reached ***** piety under Trog
 19923 | Lair:2   | Noticed a seven-headed hydra
 19934 | Lair:2   | Killed a ten-headed hydra
 20228 | Lair:2   | Found a staircase to the Swamp.
 20397 | Lair:2   | Noticed a four-headed hydra
 20407 | Lair:2   | Killed a ten-headed hydra
 20628 | Lair:2   | Noticed a boulder beetle
 20647 | Lair:2   | Killed a boulder beetle
 21421 | Lair:3   | Reached skill level 15 in Fighting
 21496 | Lair:3   | Reached skill level 15 in Axes
 21926 | Lair:3   | Reached skill level 15 in Armour
 21990 | Lair:3   | Noticed Rupert
 22005 | Lair:3   | Killed Rupert
 22637 | Lair:3   | Found a runed translucent gate.
 22637 | Lair:3   | Found a runed translucent gate.
 22647 | Lair:3   | Found a runed translucent gate.
 22647 | Lair:3   | Noticed Gelon's ghost (journeyman TeAE)
 22648 | Lair:3   | Noticed Onkuvak's ghost (journeyman TrMo)
 22999 | Lair:3   | Killed Gelon's ghost
 23000 | Lair:3   | Reached XP level 13. HP: 127/127 MP: 12/12
 23003 | Lair:3   | Killed Onkuvak's ghost
 23788 | Lair:4   | Received a gift from Trog
 24282 | Lair:4   | Found a hole to the Spider Nest.
 24894 | Lair:5   | Reached skill level 1 in Evocations
 25441 | Lair:5   | You fall into a shaft and drop 1 floor!
 25441 | Lair:6   | Entered Level 6 of the Lair of Beasts
 27754 | Lair:6   | Found a staircase to the Slime Pits.
 28239 | Lair:6   | Reached XP level 14. HP: 127/137 MP: 13/13
 28501 | Lair:6   | Found the brooch of Shielding {Spirit SH+8}
 28625 | Lair:6   | Slain by a dire elephant

Illustrated notes

Levels and vault maps discovered:
D:1:      lightli_arrival_windingriver, layout_basic,
          chequers_ecumenical_altar_island, st_stairs_12, lemuel_old_faithful
D:2:      layout_loops_ring, minmay_increasing_density
D:3:      layout_basic, serial_shops, shop, uniq_jessica, uniq_terence,
          uniq_robin
D:4:      minmay_door_path, layout_basic, minmay_temple_entry_junction,
          ebering_ghost_reflecting_pool
D:5:      layout_basic, lemuel_zombie_altar_kikubaaqudgha,
          fedhas_altar_fruit_tree, kennysheep_generic_room_14
D:6:      layout_cave_pools, nicolae_overflow_hidden_temple,
          nzn_wu_jian_council_hall, grunt_temple_overflow_diamond,
          nicolae_fountain_basement, uniq_grinder
D:7:      layout_cave_pools, kennysheep_path_1
D:8:      layout_cave_pools, gammafunk_ghost_ooze, kennysheep_generic_room_7
D:9:      layout_long_grid
D:10:     layout_roguey, lemuel_round_altar, nicolae_vehumet_radiance,
          erik_lair_island, nicolae_trove_entry_isolated, nooodl_orcs_dogs
D:11:     layout_basic, david_orc_4
Lair:1:   layout_gridlike, gauntlet_entry_generic, hibernation_bobbens,
          grunt_megastairs_1
Lair:2:   layout_gridlike, minmay_swamp_entry_reptiles, st_stairs_9,
          grunt_megastairs_3
Lair:3:   layout_cave_pods, gammafunk_ghost_cemetery, uniq_rupert
Lair:4:   wad_woods_minihive, layout_long_grid, dummy_spider_entry,
          infiniplex_staircase_pool, serial_bayou_shore_a
Lair:5:   layout_hall_layers, serial_bayou_pond_c, nicolae_lair_lindhole
Lair:6:   due_jungle_book, layout_loops_ring, slime_dummy, grunt_megastairs_2,
          serial_bayou_shore_b

Skill      XL: |  1  2  3  4  5  6  7  8  9 10 11 12 13 14 |
---------------+-------------------------------------------+-----
Fighting       | 4 5 6 7 9 10 12 13 15 16 | 16.1
Axes           | 4 5 6 7 8 10 12 13 15 17 | 17.2
Armour         | 3 4 5 6 8 10 12 13 15 16 17 | 17.1
Evocations     | 4 |  4.9
Dodging        | |  2.1

Action                   |  1- 3 |  4- 6 |  7- 9 | 10-12 | 13-15 || total
-------------------------+-------+-------+-------+-------+-------++-------
Melee: Hand axe          |    77 |   189 |   214 |       |       ||   480
       Headbutt          |    15 |    31 |    53 |    95 |    42 ||   236
       Battleaxe         |       |       |    41 |   427 |   103 ||   571
       Executioner's axe |       |       |       |       |   131 ||   131
Invok: Berserk           |     1 |     2 |     5 |     9 |       ||    17
       Trog's Hand       |       |       |       |     5 |     2 ||     7
       Brothers in Arms  |       |       |       |     1 |       ||     1
  Use: Scroll            |       |       |     6 |     6 |     7 ||    19
       Potion            |       |       |       |     1 |     1 ||     2
Armor: Animal skin       |     1 |       |       |       |       ||     1
       Ring mail         |    33 |    31 |       |       |       ||    64
       Plate armour      |       |    64 |   324 |   415 |   214 ||  1017
       Chain mail        |       |     9 |       |       |       ||     9
Dodge: Dodged            |    48 |    83 |   118 |   224 |   157 ||   630

Table legend: (Time is in decaauts)
 A = Elapsed time spent in this place.
 B = Non-inter-level travel time spent in this place.
 C = Inter-level travel time spent in this place.
 D = Time resting spent in this place.
 E = Time spent auto-exploring this place.
 F = Levels seen in this place.
 G = Mean time per level.
                   A        B        C        D        E       F      G
               +--------+--------+--------+--------+--------+-----+--------+
         Total |  28838 |  27776 |   1062 |  15141 |   9795 |  17 | 1696.4 |
       Dungeon |  18929 |  18107 |    822 |  10359 |   5826 |  11 | 1720.8 |
          Lair |   9908 |   9669 |    239 |   4782 |   3969 |   6 | 1651.3 |
               +--------+--------+--------+--------+--------+-----+--------+

Top non-repeatable levels by time:
     D:5: 3463 daAuts
    D:10: 2410 daAuts
     D:9: 2350 daAuts
  Lair:5: 2274 daAuts
     D:4: 1984 daAuts
  Lair:3: 1787 daAuts
    D:11: 1701 daAuts
  Lair:4: 1677 daAuts
     D:8: 1660 daAuts
  Lair:2: 1614 daAuts
  Lair:6: 1568 daAuts
     D:6: 1190 daAuts
     D:2: 1153 daAuts
     D:3: 1115 daAuts
     D:1: 1111 daAuts
